 Dungeon Crawl Stone Soup version 0.30-a0-777-ga9a30cbeda (webtiles) character file.

Game seed: 18361310880415351215

2 mopl the Sneak (level 1, -4/11 HPs)
             Began as a Vine Stalker Brigand on Feb 13, 2023.
             Succumbed to a kobold's poison
             ... on level 1 of the Dungeon.
             The game lasted 00:00:18 (69 turns).

mopl the Sneak (Vine Stalker Brigand)                 Turns: 69, Time: 00:00:19

Health: -4/11      AC:  3    Str: 13    XL:     1   Next: 30%
Magic:  1/2        EV: 11    Int: 11    God:
Gold:   0          SH:  0    Dex: 15    Spells: 0/0 levels left

rFire   . . .      SeeInvis .    a - +2 dagger
rCold   . . .      Faith    .    (no shield)
rNeg    . . .      Spirit   +    b - +0 robe
rPois   .          Reflect  .    (no helmet)
rElec   .          Harm     .    c - +0 cloak
rCorr   .          Rampage  .    (no gloves)
Will    .....                    (no boots)
Stlth   +++                      (no amulet)
HPRegen 0.21/turn                (no ring)
MPRegen 0.08/turn                (no ring)

@: lethally poisoned (-4 -> -27)
A: fangs 2, magic shield, antimagic bite, no potion heal 2
a: no special abilities


You were on level 1 of the Dungeon.
You visited 1 branch of the dungeon, and saw 1 of its levels.

Inventory:

Hand Weapons
 a - a +2 dagger (weapon)
Missiles
 d - 9 poisoned darts (quivered)
 e - 3 curare-tipped darts
 f - 3 javelins
Armour
 b - a +0 robe (worn)
 c - a +0 cloak (worn)


   Skills:
 - Level 1.7 Fighting
 + Level 1.8 Short Blades
 + Level 1.8 Throwing
 - Level 0.7 Dodging
 + Level 4.9 Stealth


You couldn't memorise any spells.
You didn't know any spells.
Your spell library contained the following spells:

 Spells                   Type           Power      Damage    Failure   Level
 Ignite Poison            Fire/Tmut/Pois 0%         N/A       71%         3
 Kindle Blastsparks       Fire/Tloc/Air  0%         2d10      71%         3
 Freezing Cloud           Conj/Ice/Air   0%         6-21      100%        5


Dungeon Overview and Level Annotations

Branches:
Dungeon (1/15)

Altars:


Innate Abilities, Weirdness & Mutations

You have extremely sharp teeth.
When hurt, damage is shared between your health and your magic reserves.
Your bite disrupts and absorbs the magic of your enemies.
Potions cannot restore your health.


Message History

You add the spells Kindle Blastsparks, Ignite Poison and Freezing Cloud to your library.
f - 3 javelins
Found a stone staircase leading down.
You see here a +0 chain mail.
Found a leather armour.
There is a staircase leading out of the dungeon here.
Found a stone staircase leading down.
A bat comes into view.
A bat is nearby!
A kobold comes into view. It is wielding a +1 dagger of venom.
The helpless bat fails to defend itself.
You impale the bat!!
You kill the bat!
The kobold shouts!
The kobold hits you but does no damage.
You are poisoned.
You hit the kobold. You bite the kobold, but do no damage.
The kobold is severely wounded.
You feel sick.
The kobold hits you with a +1 dagger of venom.
You are more poisoned.
You hit the kobold.
The kobold is severely wounded.
* * * LOW HITPOINT WARNING * * *
You feel very sick.
The kobold hits you with a +1 dagger of venom.
* * * LOW HITPOINT WARNING * * *
You are more poisoned.
You are too injured to fight recklessly!
You are too injured to fight recklessly!
You are too injured to fight recklessly!
You are too injured to fight recklessly!
You are too injured to fight recklessly!
You are too injured to fight recklessly!
You are too injured to fight recklessly!
You are too injured to fight recklessly!
You aren't carrying any potions.
You hit the kobold.
You kill the kobold!
You die...

##.#.#.#.....##....##
# #####....##.#####..#
.#
#######.######.###..##
#...............
########......##
#...............
#......#.....###
#)..........>...
#.@....#.#######
#..†...#...
#........#.#
#.....##.#.# #.....#
.# # #.....# # ##.####
#.#


There were no monsters in sight!

Vanquished Creatures
  A bat (D:1)
  A kobold (D:1)
  A rat (D:1)
3 creatures vanquished.

Notes
Turn   | Place    | Note
-------+----------+-------------------------------------------
     0 | D:1      | mopl the Vine Stalker Brigand began the quest for the Orb.
     0 | D:1      | Reached XP level 1. HP: 11/11 MP: 2/2
    69 | D:1      | Succumbed to a kobold's poison

Illustrated notes

Levels and vault maps discovered:
D:1:      lightli_arrival_chessboard, layout_basic,
          shapermc_ecumenical_altar_acropolis

Action                     || total
---------------------------++-------
  Melee: Dagger            ||     5
         Bite              ||     1
   Stab: Sleeping          ||     1
 Armour: Robe              ||     1

Table legend: (Time is in decaauts)
 A = Elapsed time spent in this place.
 B = Non-inter-level travel time spent in this place.
 C = Inter-level travel time spent in this place.
 D = Time resting spent in this place.
 E = Time spent auto-exploring this place.
 F = Levels seen in this place.
 G = Mean time per level.
                   A        B        C        D        E       F      G
               +--------+--------+--------+--------+--------+-----+--------+
         Total |     68 |     68 |      0 |      0 |     49 |   1 |   68.0 |
       Dungeon |     68 |     68 |      0 |      0 |     49 |   1 |   68.0 |
               +--------+--------+--------+--------+--------+-----+--------+

Top non-repeatable levels by time:
     D:1: 68 daAuts
